 Dungeon Sprint DCSS version 0.31-a0-588-g14bffd4ff3 (webtiles) character file.

Game seed: 2799953157373188026

6245 Conn the Eclecticist (level 10, -4/63 HPs)
             Began as an Octopode Fire Elementalist on Aug 19, 2023.
             Was an Elder of Sif Muna.
             Slain by a centaur warrior (10 damage)
             ... in the Dungeon (Sprint I: "Red Sonja").
             The game lasted 00:09:08 (1348 turns).

Conn the Eclecticist (Octopode Fire Elementalist)   Turns: 1348, Time: 00:09:08

Health: -4/63      AC:  1    Str:  7    XL:     10   Next: 93%
Magic:  11/26      EV: 15    Int: 20    God:    Sif Muna [****..]
Gold:   616        SH:  0    Dex: 13    Spells: 30/40 levels left

rFire   . . .        k - +2 dagger (drain)
rCold   . . .        (no shield)
rNeg    . . .        (helmet restricted)
rPois   .            (no amulet)
rElec   .            (no ring)
rCorr   .            (no ring)
SInv    .            (no ring)
Will    .....        (no ring)
Stlth   ++++         (no ring)
HPRegen 0.30/turn    (no ring)
MPRegen 0.20/turn    (no ring)
                     (no ring)

%: no teleportation, random rage (3%)
@: unable to read, unable to drink
A: almost no armour, amphibious, 8 rings, camouflage 1, gelatinous body 1,
(nimble swimmer 1), tentacles, berserk 1, dopey 1, low MP 1, sense surroundings
1, screaming 1, inability to drink after injury 1, inability to read after
injury 1
a: Renounce Religion, Channel Magic, Forget Spell, Divine Exegesis


You were in the Dungeon.
You worshipped Sif Muna.
Sif Muna was greatly pleased with you.
You visited 1 branch You collected 868 gold pieces.
You spent 252 gold pieces at shops.

Inventory:

Hand Weapons
 g - a +3 scythe
 k - a +2 dagger of draining (weapon)
Magical Staves
 i - a staff of death
Wands
 e - a wand of flame (15)
Scrolls
 f - a scroll of blinking
 l - a scroll of vulnerability {unknown}
 m - a scroll of identify {unknown}
Potions
 a - 3 potions of magic
 b - 3 potions of curing
 c - a potion of heal wounds
 d - a potion of haste
 h - a potion of berserk rage


   Skills:
 + Level 3.2 Fighting
 + Level 2.0 Throwing
 + Level 5.8 Dodging
 + Level 7.1 Stealth
 * Level 15.5 Spellcasting
 * Level 10.0 Conjurations
 + Level 3.8 Hexes
 + Level 13.0 Fire Magic
 * Level 6.9 Invocations


You had 30 spell levels left.
You knew the following spells:

 Your Spells              Type           Power      Damage    Failure   Level
a - Foxfire               Conj/Fire      100%       2x1d9     1%          1
b - Scorch                Fire           100%       2d9       1%          2
c - Inner Flame           Hex/Fire       49%        N/A       1%          3
d - Flame Wave            Conj/Fire      57%        2d14      1%          4

Your spell library contained the following spells:

 Spells                   Type           Power      Damage    Failure   Level
 Volatile Blastmotes      Fire/Tloc      82%        2d16      1%          3


Dungeon Overview and Level Annotations

Branches:
Dungeon (1/1)

Altars:
Cheibriados
Dithmenos
Elyvilon
Fedhas
Gozag
Hepliaklqana
Kikubaaqudgha
Makhleb
Nemelex Xobeh
Okawaru
Qazlal
Ru
Sif Muna
Trog
Uskayaw
Vehumet
Wu Jian
Xom
Yredelemnul
Zin
The Shining One
Jiyva
Lugonu

Shops:
D *?:*([[


Innate Abilities, Weirdness & Mutations

You cannot wear most types of armour.
You are amphibious.
You can wear up to eight rings at the same time.
Your skin changes colour to match your surroundings (Stealth+).
Your rubbery body absorbs attacks. (AC +1, EV +1)
((You are camouflaged when in or above water. (Stealth+)))
You have tentacles for arms and can constrict up to eight enemies at once.
You sometimes lose your temper in combat.
You are dopey. (Int -2)
Your magical capacity is low. (-10% MP)
You passively map a small area around you.
You occasionally shout uncontrollably at your foes.
You occasionally lose the ability to drink potions when taking damage.
You occasionally lose the ability to read scrolls when taking damage.


Message History

Unknown command.
Casting: Scorch (safe; 1% risk of failure)
Confirm with . or Enter, or press ? or * to list all spells.
Flames lash the centaur warrior.
The centaur warrior is lightly wounded.
The centaur warrior's fire resistance burns away.
The centaur warrior hits you!
* * * LOW HITPOINT WARNING * * *
The centaur warrior misses you. The centaur warrior hits you.
* * * LOW HITPOINT WARNING * * *
The centaur warrior kicks you.
* * * LOW HITPOINT WARNING * * *
Unknown command.
Unknown command.
Casting: Scorch (safe; 1% risk of failure)
Confirm with . or Enter, or press ? or * to list all spells.
Okay, then.
Unknown command.
Unknown command.
Unknown command.
Unknown command.
Casting: Scorch (safe; 1% risk of failure)
Confirm with . or Enter, or press ? or * to list all spells.
Casting: Flame Wave (safe; 1% risk of failure)
Press: ? - help, Dir - look around, f - activate A wave of flame ripples out!
The flame wave engulfs the centaur warrior!!
The centaur warrior is burned terribly!
The centaur warrior is moderately wounded. (Press . to intensify the flame waves.)
The centaur warrior hits you.
* * * LOW HITPOINT WARNING * * *
The centaur warrior kicks you.
* * * LOW HITPOINT WARNING * * *
A wave of flame ripples out!
The flame wave engulfs the centaur warrior!!
The centaur warrior is burned terribly!
The centaur warrior is almost dead.
The centaur warrior hits you!
You die...

#..#####'#####'#__####...+
#.§####..#...#[####[§#####
#..#__####..##)# §§cc# ,
#..#_____##'#_.+~§§§§+ ,
#⌠⌠#_.∩...'..._# §~§, ,,
####_..__##_c#'##+### * *
,#_____###'#.#....###
############)####'###.##
#∩........@c..'.....')∩#
###''''####...##########
#.......####.### ,
#........#.#'#.# ,
#..#.....#.....# +
#........#...[.# ,
#.....#..#######
#........# , #..#.....# ,


You could see a centaur warrior (combustible).

Vanquished Creatures
  A centaur warrior (D)
  Sonja (D)
  A deep troll (D)
  8 shining eyes (D)
  2 kobold demonologists (D)
  Sigmund (D)
  A slime creature (D)
  A yak (D)
  5 floating eyes (D)
  An ogre (D)
  A jelly (D)
  Ijyb (D)
24 creatures vanquished.

Vanquished Creatures (others)
  2 ballistomycete spores (D)
  67 foxfires (D)
69 creatures vanquished.

Grand Total: 93 creatures vanquished

Notes
Turn   | Place    | Note
-------+----------+-------------------------------------------
     0 | D        | Conn the Octopode Fire Elementalist began the quest for the
                  | Orb.
     0 | D        | Reached XP level 1. HP: 11/11 MP: 3/3
     2 | D        | Noticed Ijyb
    10 | D        | Killed Ijyb
    11 | D        | Reached skill level 3 in Spellcasting
    11 | D        | Reached XP level 2. HP: 10/18 MP: 4/6
    11 | D        | Reached XP level 3. HP: 12/22 MP: 4/7
    69 | D        | Learned a level 2 spell: Scorch
    73 | D        | Learned a level 3 spell: Inner Flame
    73 | D        | Noticed an ogre
    79 | D        | Killed an ogre
    80 | D        | Reached skill level 1 in Fighting
    80 | D        | Reached skill level 4 in Spellcasting
    80 | D        | Reached XP level 4. HP: 28/28 MP: 2/10
   145 | D        | Noticed Sigmund
   151 | D        | Killed Sigmund
   152 | D        | Reached skill level 6 in Spellcasting
   152 | D        | Reached skill level 5 in Conjurations
   152 | D        | Reached XP level 5. HP: 33/33 MP: 1/14
   152 | D        | Reached XP level 6. HP: 38/38 MP: 1/15
   253 | D        | Learned a level 4 spell: Flame Wave
   264 | D        | Found a shimmering blue altar of Sif Muna.
   265 | D        | Found an ornate altar of the Wu Jian Council.
   266 | D        | Found a radiant altar of Vehumet.
   271 | D        | Reached skill level 5 in Stealth
   271 | D        | Reached skill level 7 in Spellcasting
   271 | D        | Reached skill level 1 in Hexes
   298 | D        | Found Exzay's Assorted Antiques.
   298 | D        | Found an ancient bone altar of Kikubaaqudgha.
   298 | D        | Found a hazy altar of Hepliaklqana.
   298 | D        | Found a stormy altar of Qazlal.
   298 | D        | Found a hide-covered altar of Uskayaw.
   298 | D        | Found a blossoming altar of Fedhas.
   298 | D        | Found a bloodstained altar of Trog.
   298 | D        | Found an iron altar of Okawaru.
   298 | D        | Found a basalt altar of Yredelemnul.
   298 | D        | Found a glowing golden altar of the Shining One.
   298 | D        | Found a snail-covered altar of Cheibriados.
   298 | D        | Found a sacrificial altar of Ru.
   298 | D        | Found a glowing silver altar of Zin.
   298 | D        | Found a shadowy altar of Dithmenos.
   298 | D        | Found a white marble altar of Elyvilon.
   298 | D        | Noticed a yak
   302 | D        | Killed a yak
   303 | D        | Reached skill level 8 in Spellcasting
   303 | D        | Reached XP level 7. HP: 44/44 MP: 7/18
   304 | D        | Found an opulent altar of Gozag.
   305 | D        | Found a sparkling altar of Nemelex Xobeh.
   309 | D        | Bought a thin jewelled staff for 252 gold pieces
   378 | D        | Noticed Sonja
   382 | D        | Killed Sonja
   383 | D        | Reached skill level 5 in Dodging
   383 | D        | Reached skill level 10 in Spellcasting
   383 | D        | Reached XP level 8. HP: 51/51 MP: 14/22
   472 | D        | Found Buappecze's General Store.
   495 | D        | Noticed a deep troll
   503 | D        | Killed a deep troll
   504 | D        | Reached skill level 11 in Spellcasting
   504 | D        | Reached skill level 10 in Fire Magic
   516 | D        | Found Ynguc's Armour Emporium.
   581 | D        | Became a worshipper of Sif Muna the Loreminder
   587 | D        | Found a burning altar of Makhleb.
   587 | D        | Found a viscous altar of Jiyva.
   587 | D        | Found a shimmering altar of Xom.
   587 | D        | Found a corrupted altar of Lugonu.
   587 | D        | Noticed a slime creature
   592 | D        | Killed a slime creature
   593 | D        | Reached skill level 1 in Invocations
   625 | D        | Noticed a shining eye
   625 | D        | Noticed a shining eye
   625 | D        | Noticed a shining eye
   633 | D        | Reached XP level 9. HP: 55/55 MP: 16/24
   637 | D        | Gained mutation: You are dopey. (Int -2) [a shining eye]
   639 | D        | Reached * piety under Sif Muna
   640 | D        | Reached skill level 1 in Throwing
   640 | D        | Reached skill level 12 in Spellcasting
   640 | D        | Killed a shining eye
   641 | D        | Noticed a shining eye
   643 | D        | Killed a shining eye
   643 | D        | Killed a shining eye
   643 | D        | Reached ** piety under Sif Muna
   643 | D        | Noticed a shining eye
   643 | D        | Gained mutation: You occasionally lose the ability to drink
                  | potions when taking damage. [a shining eye]
   644 | D        | Reached skill level 13 in Spellcasting
   648 | D        | Gained mutation: You sometimes lose your temper in combat.
                  | [a shining eye]
   782 | D        | Killed a shining eye
   782 | D        | Noticed a shining eye
   783 | D        | Reached XP level 10. HP: 63/63 MP: 15/27
   785 | D        | Paralysed by a floating eye for 2 turns
   790 | D        | Paralysed by a floating eye for 4 turns
   795 | D        | Killed a shining eye
   795 | D        | Reached *** piety under Sif Muna
   796 | D        | Reached skill level 14 in Spellcasting
   796 | D        | Reached skill level 5 in Invocations
  1018 | D        | Gained mutation: Your magical capacity is low. (-10% MP) [a
                  | shining eye]
  1019 | D        | Paralysed by a floating eye for 4 turns
  1021 | D        | Killed a shining eye
  1058 | D        | Noticed a shining eye
  1060 | D        | Noticed a shining eye
  1062 | D        | Gained mutation: You passively map a small area around you.
                  | [a shining eye]
  1072 | D        | Gained mutation: You occasionally shout uncontrollably at
                  | your foes. [a shining eye]
  1073 | D        | Killed a shining eye
  1074 | D        | Gained mutation: You occasionally lose the ability to read
                  | scrolls when taking damage. [a shining eye]
  1075 | D        | Killed a shining eye
  1075 | D        | Reached **** piety under Sif Muna
  1167 | D        | Found Qemitaed's Magic Scroll Shoppe.
  1167 | D        | Found Yxenes's Weapon Shop.
  1167 | D        | Found Ocetu's Book Emporium.
  1167 | D        | Found Zumeeg's Armour Boutique.
  1227 | D        | Noticed a kobold demonologist
  1229 | D        | Noticed a kobold demonologist
  1230 | D        | Killed a kobold demonologist
  1231 | D        | Reached skill level 15 in Spellcasting
  1233 | D        | Killed a kobold demonologist
  1320 | D        | Noticed a centaur warrior
  1322 | D        | Noticed a centaur warrior
  1339 | D        | Killed a centaur warrior
  1340 | D        | Reached skill level 10 in Conjurations
  1348 | D        | Slain by a centaur warrior

Illustrated notes

Levels and vault maps discovered:
D:        dungeon_sprint_1 [red_sonja_temple_1, red_sonja_temple_small_1]

Skill      XL: |  1  2  3  4  5  6  7  8  9 10 |
---------------+-------------------------------+-----
Stealth        | 3 4 5 6 7 |  7.1
Spellcasting   | 3 4 6 8 10 11 13 15 | 15.5
Conjurations   | 2 3 5 6 7 8 10 | 10.0
Fire Magic     | 4 6 7 8 9 10 11 13 | 13.0
Fighting       | 1 2 3 |  3.2
Dodging        | 3 4 5 |  5.8
Hexes          | 1 2 3 |  3.8
Invocations    | 1 4 6 |  6.9
Throwing       | 1 2 |  2.0

Action                     |  1- 3 |  4- 6 |  7- 9 | 10-12 || total
---------------------------+-------+-------+-------+-------++-------
  Melee: Unarmed           |     6 |       |       |       ||     6
         Tentacles         |     2 |       |       |       ||     2
         Constrict         |     1 |       |       |       ||     1
  Throw: Dart              |       |       |     2 |     2 ||     4
   Cast: Foxfire           |     3 |     2 |    16 |    22 ||    43
         Scorch            |     1 |     6 |    11 |     9 ||    27
         Inner Flame       |       |     1 |     6 |     7 ||    14
         Flame Wave        |       |     1 |       |     2 ||     3
    Use: Potion            |     1 |       |       |     1 ||     2
  Dodge: Dodged            |       |     2 |     1 |     2 ||     5

Table legend: (Time is in decaauts)
 A = Elapsed time spent in this place.
 B = Non-inter-level travel time spent in this place.
 C = Inter-level travel time spent in this place.
 D = Time resting spent in this place.
 E = Time spent auto-exploring this place.
 F = Levels seen in this place.
 G = Mean time per level.
                   A        B        C        D        E       F      G
               +--------+--------+--------+--------+--------+-----+--------+
         Total |   1355 |   1355 |      0 |    779 |      0 |   1 | 1355.0 |
       Dungeon |   1355 |   1355 |      0 |    779 |      0 |   1 | 1355.0 |
               +--------+--------+--------+--------+--------+-----+--------+

Top non-repeatable levels by time:
       D: 1355 daAuts
